AoeStats
← HINIIRU

Baltic

510837699Analyzed
2v2 RM · 16h ago on Oct 2, 2026· 117m 36s· 4 players
Game mode
Random Map
Map size
Medium (4 player)
Population
200
Speed
Normal
Resources
Standard
Victory
Conquest
Starting age
Dark Age
Ending age
Imperial Age
RankedLock teamsTeams togetherTeam positionsShared explorationLock speedFull tech treeHidden civsTurbo modeCheats
Victory
Defeat
🇨🇦 Khmer · Canada
1106
+17
🇹🇷 Magyars · Türkiye
1104
+17
🇩🇪 Saxons · Germany
1125
-17
🇩🇪 Varangians · Germany
1124
-17
veysipak
11:11 Feudal Age
17:19 Castle Age
15:31 Double-Bit Axe
15:28 Horse Collar
20:43 Wheelbarrow
30:41 Imperial Age
28:55 Fletching
29:09 Heavy Plow
29:23 Gold Mining
29:47 Bodkin Arrow
31:07 Gold Shaft Mining
31:14 Bow Saw
32:12 Parthian Tactics
32:05 Bracer
32:20 Heavy Cavalry Archer
34:08 Hand Cart
34:29 Recurve Bow
34:50 Conscription
34:55 Ballistics
38:50 Chemistry
38:57 Light Cavalry
39:48 Bloodlines
39:44 Scale Barding Armor
39:41 Hussar
40:46 Padded Archer Armor
40:53 Hussar
42:13 Elite Skirmisher
45:16 Leather Archer Armor
50:17 Ring Archer Armor
50:32 Chain Barding Armor
58:23 Plate Barding Armor
58:18 Crossbowman
59:03 Thumb Ring
58:58 Pikeman
59:59 Arbalester
60:49 Halberdier
62:20 Scale Mail Armor
66:33 Chain Mail Armor
65:52 Cavalier
66:34 Husbandry
saiko
11:06 Loom
13:30 Feudal Age
13:56 Double-Bit Axe
19:13 Castle Age
16:55 Horse Collar
18:48 Stone Mining
22:42 Bow Saw
29:14 Scale Barding Armor
29:45 Ballistics
33:56 Chain Barding Armor
33:48 Masonry
33:40 Gold Mining
35:16 Wheelbarrow
37:12 Imperial Age
36:37 Forging
37:17 Heavy Scorpion
38:23 Conscription
39:16 Plate Barding Armor
39:42 Chemistry
39:38 Double Crossbow
40:24 Siege Engineers
41:28 Bloodlines
41:19 Husbandry
40:40 Light Cavalry
42:11 Hussar
43:18 Elite Ballista Elephant
55:42 Gold Shaft Mining
63:37 Murder Holes
64:22 Architecture
88:17 Iron Casting
91:35 Blast Furnace
HINIIRU
7:00 Loom
13:38 Feudal Age
14:45 Double-Bit Axe
15:20 Fishing Lines
19:02 Castle Age
16:55 Fletching
20:08 Medium Warships
20:18 Medium Warships
20:00 Gillnets
20:43 Bow Saw
20:47 Bodkin Arrow
27:44 Imperial Age
27:49 Wheelbarrow
27:38 Padded Archer Armor
28:55 Ballistics
29:12 Bracer
30:05 Leather Archer Armor
29:48 Crossbowman
31:20 Thumb Ring
31:51 Arbalester
34:46 Horse Collar
36:02 Hand Cart
36:03 Heavy Plow
36:44 Ring Archer Armor
38:08 Chemistry
38:31 Town Watch
39:47 Conscription
44:37 Forging
44:27 Scale Mail Armor
43:54 Elite Hearth Troop
44:14 Shield Wall
49:38 Two-Man Saw
55:15 Murder Holes
60:52 Iron Casting
60:32 Chain Mail Armor
62:41 Squires
63:01 Pikeman
63:58 Man-at-Arms
63:58 Halberdier
64:29 Gambesons
65:08 Chain Mail Armor
MrHonigkuchen
10:24 Loom
13:08 Feudal Age
14:00 Double-Bit Axe
17:07 Castle Age
14:51 Fishing Lines
17:49 Fletching
18:20 Bow Saw
18:38 Bodkin Arrow
19:56 Gillnets
29:18 Imperial Age
26:56 Gold Mining
27:01 Stone Mining
28:48 Wheelbarrow
29:11 Scale Barding Armor
29:17 Forging
30:00 Stone Shaft Mining
30:46 Masonry
32:35 Horse Collar
33:24 Heavy Plow
34:17 Conscription
34:35 Hand Cart
37:21 Chain Barding Armor
37:41 Iron Casting
38:59 Town Watch
40:41 Plate Barding Armor
41:16 Blast Furnace
40:55 Bloodlines
40:55 Husbandry
40:42 Elite Jarl
44:37 Bloodlines
44:43 Husbandry
45:35 Bracer
45:00 Onager
51:44 Cavalier
55:20 Scale Mail Armor
55:41 Gothikon
57:45 Light Cavalry
59:47 Hussar
61:24 Ballistics
62:04 Chemistry
Connection lost

Rejoining the realm…

Still unreachable

The connection could not be restored.

Session expired

The server has moved on; the page needs a fresh start.